 Dungeon Crawl Stone Soup version 0.20.0-10-g0535bb4 (webtiles) character file.

113192 McKennaii the Peltast (level 16, -3/141 HPs)
             Began as a Minotaur Fighter on June 6, 2017.
             Was the Champion of Qazlal.
             Slain by a six-headed hydra simulacrum (31 damage)
             ... on level 4 of the Swamp.
             The game lasted 00:54:03 (24048 turns).

McKennaii the Peltast (Minotaur Fighter)           Turns: 24048, Time: 00:54:04

Health: -3/141     AC: 29    Str: 25    XL:     16   Next: 13%
Magic:  0/21       EV: 10    Int:  5    God:    Qazlal [******]
Gold:   2160       SH: 34    Dex: 17    Spells: 15/15 levels left

rFire    . . .     SeeInvis .   N - +2 falchion (elec)
rCold    . . .     Gourm    .   t - +0 large shield
rNeg     + . .     Faith    .   J - +1 plate armour of Compression {rN+ Regen+ rCorr Dex+4}
rPois    .         Spirit   +   w - +2 hat
rElec    .         Reflect  +   u - scarf {Spirit}
rCorr    +         Harm     .   K - +2 pair of gloves
MR       ++...                  X - +0 pair of boots
Stlth    ..........             C - +2 amulet of reflection
Regen    0.8/turn               y - ring of protection from magic
MPRegen  0.2/turn               A - +5 ring of protection

@: repel missiles
A: retaliatory headbutt, horns 2
a: Upheaval, Elemental Force, Disaster Area, Renounce Religion


You were on level 4 of the Swamp.
You worshipped Qazlal.
Qazlal was exalted by your worship.
You were hungry.

You visited 5 branches of the dungeon, and saw 27 of its levels.
You also visited: Ice Cave.

You collected 2160 gold pieces.

Inventory:

Hand Weapons
 N - a +2 falchion of electrocution (weapon)
Armour
 t - a +0 large shield (worn)
 u - a scarf of spirit shield (worn)
 w - a +2 hat (worn)
 J - the +1 plate armour of Compression (worn) {rN+ Regen+ rCorr Dex+4}
   (You found it in an ice cave)

   It affects your dexterity (+4).
   It protects you from negative energy.
   It increases your rate of regeneration.
   It protects you from acid and corrosion.
 K - a +2 pair of gloves (worn)
 X - a +0 pair of boots (worn)
Jewellery
 y - a ring of protection from magic (left hand)
 A - a +5 ring of protection (right hand)
 C - a +2 amulet of reflection (around neck)
 T - an uncursed ring of protection from cold
Wands
 E - a wand of polymorph (9/24)
 S - a wand of iceblast (3/15)
Scrolls
 a - 2 scrolls of acquirement
 h - 7 scrolls of identify
 j - 6 scrolls of remove curse
 k - 12 scrolls of teleportation
 m - 4 scrolls of fear
 n - 5 scrolls of enchant armour
 o - 4 scrolls of amnesia
 s - 2 scrolls of magic mapping
 B - 4 scrolls of enchant weapon
 I - 7 scrolls of fog {unknown}
 L - 6 scrolls of recharging {unknown}
 Q - a scroll of blinking
 Z - 2 scrolls of immolation
Potions
 b - a potion of invisibility
 c - a potion of agility {unknown}
 d - 4 potions of might
 e - 14 potions of curing
 g - 3 potions of heal wounds
 l - 3 potions of brilliance
 p - 2 potions of lignification
 r - a potion of haste
 v - 5 potions of flight
 z - 3 potions of mutation
 G - a potion of resistance
 O - 3 potions of ambrosia {unknown}
 V - 2 potions of berserk rage {unknown}
Books
 H - a book of Callings

   Spells                             Type                      Level
   a - Summon Small Mammal            Summoning                    1
   b - Call Imp                       Summoning                    2
   c - Call Canine Familiar           Summoning                    3
   d - Summon Guardian Golem          Hexes/Summoning              3
   e - Summon Lightning Spire         Summoning/Air                4
   f - Summon Ice Beast               Ice/Summoning                4
Comestibles
 f - 18 bread rations
 i - 41 fruits
 q - 15 royal jellies
 x - 10 meat rations


   Skills:
 + Level 12.9 Fighting
 + Level 15.5 Long Blades
 + Level 13.7 Armour
 + Level 5.1 Dodging
 + Level 3.7 Stealth
 + Level 20.1 Shields
 + Level 9.0 Invocations
 + Level 1.6 Evocations


You had 15 spell levels left.
You didn't know any spells.

Dungeon Overview and Level Annotations

Branches:
Dungeon (15/15)            Temple (1/1) D:6            Lair (6/6) D:10
  Swamp (4/4) Lair:3        Snake (0/4) Lair:3        Slime (0/5) Lair:5
    Orc (0/2) D:11         Vaults (0/5) D:13         Depths (0/5) D:15
   Hell (1/1)
    Dis: Hell:1         Geh: Hell:1         Coc: Hell:1         Tar: Hell:1

Altars:
Ashenzari
Cheibriados
Dithmenos
Elyvilon
Fedhas
Gozag
Hepliaklqana
Kikubaaqudgha
Makhleb
Nemelex Xobeh
Okawaru
Qazlal
Ru
Trog
Vehumet
Xom
Yredelemnul
Zin
The Shining One
Beogh

Shops:
D:6 :   D:12 :

Portals:
Hell: Lair:6

Annotations:
D:3 cutslo's ghost, amateur MiFi
Hell Geryon


Innate Abilities, Weirdness & Mutations

You reflexively headbutt those who attack you in melee.
You have a pair of horns on your head.


Message History

The six-headed hydra simulacrum freezes you!!
* * * LOW HITPOINT WARNING * * *
The six-headed hydra simulacrum bites you but does no damage. x2
You block the six-headed hydra simulacrum's attack.
Unknown command.
As you read the scroll of fear, it crumbles to dust.
You assume a fearsome visage.
The swamp worm simulacrum is unaffected.
The six-headed hydra simulacrum is unaffected.
The freezing wraith is unaffected.
The hornet looks frightened! x3
The shambling mangrove is unaffected.
The hornet is engulfed in freezing vapours.
You block the swamp worm simulacrum's attack.
A root reaches out and grasps at passing movement.
You escape the reach of the grasping roots.
You block the six-headed hydra simulacrum's attack. x2
The six-headed hydra simulacrum bites you!
* * * LOW HITPOINT WARNING * * *
The six-headed hydra simulacrum freezes you!!
You die...

≈≈.≈≈≈y.≈≈.≈≈≈≈.. ≈.
≈≈≈≈≈≈..≈.≈≈≈≈♣ ≈≈.
≈≈.≈≈≈...≈≈≈≈≈♣♣ ≈≈≈≈
.≈♣.≈≈.♣...≈≈:≈♣♣≈.≈≈
♣♣..♣♣≈≈≈.≈≈≈≈≈....
♣≈≈≈.♣≈.≈§§≈≈≈≈....
♣.≈≈≈.♣♣.f♣.≈≈§≈≈.♣
♣≈≈≈≈.§..≈§§Z≈≈≈..♣♣
♣♣.......§§Z@.≈≈≈≈≈≈
≈≈♣≈≈......§.§≈(.≈≈
.....§≈<.♣.≈≈§≈≈♣.≈
≈.≈≈≈≈≈≈.♣.≈≈≈.♣♣ ≈
..≈≈≈≈≈≈.≈.≈≈≈.≈♣
..≈≈≈≈≈≈...≈≈≈.≈≈♣
...≈≈≈≈≈♣≈.≈≈≈.♣♣♣
≈≈..≈....≈..≈≈≈≈.♣
.??..≈.$.≈≈≈≈.≈≈.♣


You could see a shambling mangrove, a six-headed hydra simulacrum and a swamp
worm simulacrum.

Vanquished Creatures
  Rupert (Lair:3)
  Gastronok (D:9)
  3 thorn hunters
  Louise (Swamp:3)
  A very ugly thing (Swamp:1)
  A fire dragon (D:14)
  15 hydras
  Harold (Lair:4)
  Erolcha (D:12)
  8 vault guards
  2 centaur warriors
  2 ice dragons
  2 tengu warriors (D:13)
  The ghost of cutslo the Cleaver, a novice MiFi of Uskayaw (D:8)
  8 alligators
  5 two-headed ogres
  Urug (Lair:5)
  Nergalle (D:11)
  A sixfirhy (Lair:6)
  A spriggan druid (Swamp:3)
  3 unseen horrors
  7 swamp dragons
  3 shambling mangroves
  The ghost of McKennaii the Slasher, a novice MiFi of Qazlal (D:6)
  A wizard (Lair:6)
  A necromancer (IceCv)
  4 deep elf magi
  2 cyclopes
  9 ugly things
  A centaur zombie (D:12)
  2 ice statues (IceCv)
  7 black mambas
  4 elephants (Lair:6)
  4 gargoyles
  An orange demon (Lair:6)
  8 spiny frogs
  The ghost of McKennaii the Slasher, a novice DsFi of Qazlal (D:4)
  A smoke demon (Lair:6)
  8 komodo dragons
  6 rime drakes (Lair:6)
  16 ice devils
  2 freezing wraiths
  A tengu conjurer (D:15)
  A red devil (Lair:6)
  7 polar bears
  4 hornets
  6 trolls
  Prince Ribbit (D:6)
  5 tyrant leeches
  7 bog bodies
  10 slime creatures
  9 hippogriffs
  9 blink frogs
  A meliai zombie (D:15)
  3 spriggans
  A shadow (Swamp:1)
  24 yaks
  A wraith (D:15)
  4 wyverns
  A basilisk (Lair:6)
  2 steam dragons (D:8)
  14 vampire mosquitoes
  Grum (D:9)
  A swamp worm simulacrum (Swamp:4)
  A hungry ghost (D:11)
  Edmund (D:4)
  24 swamp worms
  17 insubstantial wisps
  A soldier ant (D:10)
  12 water moccasins
  3 porcupines
  2 swamp drakes
  Duvessa (D:3)
  4 hell hounds (Lair:6)
  2 eyes of draining
  A phantom (D:12)
  6 orc warriors
  3 ice beasts
  2 necrophages
  3 sky beasts
  3 black bears
  6 ogres
  4 wolves
  27 centaurs
  6 big kobolds
  15 crocodiles
  18 bullfrogs
  Dowan (D:3)
  4 scorpions
  A troll zombie (Swamp:3)
  3 howler monkeys
  2 troll skeletons (Swamp:3)
  2 electric eels
  7 crimson imps
  3 jellies
  A quasit (D:9)
  A draconian simulacrum (IceCv)
  3 bullfrog zombies
  3 bullfrog skeletons
  9 hounds
  2 centaur skeletons
  5 orc priests
  8 orc wizards
  A gnoll shaman (D:3)
  3 iguanas
  9 worker ants
  A spriggan simulacrum (IceCv)
  3 troll simulacra (IceCv)
  A centaur simulacrum (IceCv)
  A hound skeleton (D:4)
  A hound zombie (D:10)
  2 worker ant zombies
  4 gnolls
  A naga simulacrum (IceCv)
  14 adders
  3 ogre simulacra (IceCv)
  2 shadow imps
  A swamp drake simulacrum (Swamp:4)
  An adder zombie (D:5)
  3 oozes
  6 worms
  4 dart slugs
  3 leopard geckos
  44 orcs
  3 ball pythons
  6 giant cockroaches
  9 hobgoblins
  30 kobolds
  8 quokkas
  6 bats
  2 frilled lizards
  5 goblins
  A quokka skeleton (D:4)
  5 rats
  4 briar patches (Swamp:3)
666 creatures vanquished.

Vanquished Creatures (others)
  3 centaur warriors
  Sonja (D:15)
  A cyclops (D:12)
  A spiny frog (Swamp:2)
  A bog body (Swamp:4)
  10 centaurs
  A swamp drake simulacrum (Swamp:4)
  An orc (D:6)
  A frilled lizard (D:1)
  3 fungi
  5 plants
28 creatures vanquished.

Grand Total: 694 creatures vanquished

Notes
Turn   | Place    | Note
-------+----------+-------------------------------------------
     0 | D:1      | McKennaii the Minotaur Fighter began the quest for the Orb.
     0 | D:1      | Reached XP level 1. HP: 19/19 MP: 0/0
   172 | D:1      | Reached XP level 2. HP: 23/27 MP: 1/1
   799 | D:2      | Reached XP level 3. HP: 31/33 MP: 2/2
   803 | D:2      | Found an opulent altar of Gozag.
  1055 | D:2      | Found a shimmering altar of Xom.
  1307 | D:2      | Reached XP level 4. HP: 33/40 MP: 3/3
  1361 | D:2      | Found a shattered altar of Ashenzari.
  1366 | D:2      | Reached skill level 4 in Shields
  1621 | D:3      | Noticed cutslo's ghost (amateur MiFi)
  1848 | D:3      | Found a basalt altar of Yredelemnul.
  1926 | D:3      | Found a white marble altar of Elyvilon.
  1936 | D:3      | Reached skill level 5 in Armour
  1946 | D:3      | Found a sparkling altar of Nemelex Xobeh.
  2142 | D:4      | Noticed McKennaii's ghost (novice DsFi)
  2168 | D:4      | Noticed Duvessa
  2168 | D:4      | Noticed Dowan
  2544 | D:3      | Reached XP level 5. HP: 42/46 MP: 4/4
  2818 | D:3      | Killed Duvessa
  2818 | D:3      | Reached skill level 1 in Dodging
  2818 | D:3      | Reached XP level 6. HP: 17/52 MP: 5/5
  2828 | D:3      | Killed Dowan
  2828 | D:3      | Reached skill level 5 in Long Blades
  3480 | D:3      | Reached skill level 5 in Shields
  3716 | D:4      | Noticed Edmund
  3747 | D:4      | Killed Edmund
  3747 | D:4      | Reached skill level 5 in Fighting
  3747 | D:4      | Reached XP level 7. HP: 8/61 MP: 6/6
  4031 | D:5      | Entered Level 5 of the Dungeon
  4117 | D:5      | Found a radiant altar of Vehumet.
  4129 | D:5      | Got a glittering platinum ring
  4130 | D:5      | Identified the ring "Owigusir" {+Fly Str-2 Int+2 Slay+2} (You found it on level 5 of the Dungeon)
  4296 | D:5      | Found a shadowy altar of Dithmenos.
  4401 | D:5      | Found a bloodstained altar of Trog.
  4793 | D:4      | Killed McKennaii's ghost
  4793 | D:4      | Reached skill level 6 in Shields
  4793 | D:4      | Reached XP level 8. HP: 56/70 MP: 7/7
  5430 | D:6      | Noticed Prince Ribbit
  5444 | D:6      | Killed Prince Ribbit
  5452 | D:6      | Found a staircase to the Ecumenical Temple.
  5452 | D:6      | Noticed McKennaii's ghost (novice MiFi)
  5508 | D:6      | Killed McKennaii's ghost
  5586 | D:6      | Reached XP level 9. HP: 74/78 MP: 8/8
  5602 | Temple   | Entered the Ecumenical Temple
  5647 | Temple   | Became a worshipper of Qazlal Stormbringer
  5760 | D:6      | Reached skill level 7 in Shields
  5903 | D:6      | Found Keoskem's Book Boutique.
  6743 | D:8      | Reached * piety under Qazlal
  6753 | D:8      | Noticed a two-headed ogre
  6755 | D:8      | Noticed cutslo's ghost (novice MiFi)
  6779 | D:7      | Killed a two-headed ogre
  6779 | D:7      | Reached skill level 10 in Long Blades
  6779 | D:7      | Reached skill level 1 in Stealth
  6779 | D:7      | Reached skill level 8 in Shields
  6840 | D:8      | Killed cutslo's ghost
  6840 | D:8      | Reached skill level 9 in Shields
  6840 | D:8      | Reached XP level 10. HP: 59/86 MP: 7/9
  7488 | D:9      | Noticed Gastronok
  7524 | D:9      | Killed Gastronok
  7524 | D:9      | Reached skill level 10 in Shields
  7855 | D:9      | Reached ** piety under Qazlal
  7859 | D:9      | Noticed a two-headed ogre
  7871 | D:9      | Killed a two-headed ogre
  8116 | D:9      | Reached XP level 11. HP: 84/94 MP: 8/10
  8144 | D:9      | Noticed Grum
  8179 | D:9      | Killed Grum
  8348 | D:10     | Entered Level 10 of the Dungeon
  8430 | D:10     | Found a staircase to the Lair.
  8480 | D:10     | Noticed a two-headed ogre
  8503 | D:10     | Killed a two-headed ogre
  8503 | D:10     | Reached skill level 11 in Shields
  9018 | D:10     | Killed an unseen horror
  9018 | D:10     | Reached skill level 10 in Armour
  9190 | D:10     | Reached *** piety under Qazlal
  9404 | D:11     | Found a staircase to the Orcish Mines.
  9504 | D:11     | Found a roughly hewn altar of Beogh.
  9696 | D:11     | Noticed a five-headed hydra
  9960 | D:11     | Reached skill level 12 in Shields
 10019 | D:11     | Reached **** piety under Qazlal
 10160 | D:11     | Noticed a brown ugly thing
 10172 | D:11     | Killed a brown ugly thing
 10229 | D:11     | Killed an unseen horror
 10267 | D:11     | Killed a 19-headed hydra
 10335 | D:11     | Reached skill level 1 in Evocations
 10335 | D:11     | Reached XP level 12. HP: 80/104 MP: 9/11
 10420 | D:12     | Noticed Nergalle
 10420 | D:12     | Noticed a five-headed hydra
 10451 | D:11     | Killed Nergalle
 10528 | D:12     | Noticed Erolcha
 10538 | D:12     | Killed Erolcha
 10608 | D:12     | Reached ***** piety under Qazlal
 10637 | D:12     | Reached skill level 13 in Shields
 10825 | D:12     | Noticed a two-headed ogre
 10838 | D:12     | Killed a two-headed ogre
 10937 | D:12     | Killed a five-headed hydra
 10937 | D:12     | Reached skill level 14 in Shields
 11129 | D:12     | Reached skill level 10 in Fighting
 11168 | D:12     | Found Ranaroc's Book Shoppe.
 11452 | D:13     | Noticed a centaur warrior
 11459 | D:13     | Killed a centaur warrior
 11599 | D:13     | Noticed a vault guard
 11605 | D:13     | Noticed a vault guard
 11609 | D:13     | Noticed a vault guard
 11609 | D:13     | Noticed a centaur warrior
 11621 | D:13     | Killed a centaur warrior
 11637 | D:13     | Noticed a vault guard
 11709 | D:12     | Killed a vault guard
 11778 | D:12     | Killed a vault guard
 11778 | D:12     | Reached XP level 13. HP: 112/113 MP: 13/13
 12008 | D:13     | Reached skill level 15 in Shields
 12008 | D:13     | Reached skill level 1 in Invocations
 12011 | D:13     | Found a gate to the Vaults.
 12863 | D:14     | Reached skill level 16 in Shields
 13327 | D:15     | Entered Level 15 of the Dungeon
 13513 | D:15     | Noticed Sonja
 13540 | D:15     | Killed Sonja
 13740 | D:15     | Noticed a fire dragon
 13766 | D:14     | Killed a fire dragon
 14133 | D:15     | Found a staircase to the Depths.
 14205 | D:15     | Reached XP level 14. HP: 97/124 MP: 13/16
 14563 | Lair:1   | Entered Level 1 of the Lair of Beasts
 14602 | D:10     | Identified a scroll of acquirement
 14923 | Lair:1   | Reached skill level 5 in Invocations
 16274 | Lair:3   | Noticed Rupert
 16287 | Lair:3   | Killed Rupert
 16287 | Lair:3   | Reached skill level 17 in Shields
 16626 | Lair:3   | Found a staircase to the Snake Pit.
 16853 | Lair:3   | Found a staircase to the Swamp.
 16927 | Lair:3   | Reached ****** piety under Qazlal
 17171 | Lair:4   | Noticed Harold
 17237 | Lair:4   | Killed Harold
 17582 | Lair:4   | Found a frozen archway.
 17675 | IceCv    | Entered an ice cave
 17721 | IceCv    | Reached skill level 5 in Dodging
 18075 | IceCv    | Reached skill level 18 in Shields
 18285 | IceCv    | Got an agate-encrusted plate armour
 18298 | IceCv    | Got an encrusted spear
 18533 | Lair:4   | Identified the cursed +1 plate armour of Compression {rN+ Regen+ rCorr Dex+4} (You found it in an ice cave)
 18534 | Lair:4   | Identified the +9 spear of the Final Chapter {freeze, Str+4 Int-2 Dex+3 SInv} (You found it in an ice cave)
 18636 | Lair:5   | Noticed Urug
 18657 | Lair:5   | Killed Urug
 18713 | Lair:5   | Found a staircase to the Slime Pits.
 19292 | Lair:6   | Entered Level 6 of the Lair of Beasts
 19423 | Lair:6   | Reached skill level 15 in Long Blades
 19459 | Lair:6   | Reached XP level 15. HP: 132/132 MP: 19/19
 19940 | Lair:6   | Found a burning altar of Makhleb.
 19945 | Lair:6   | Found a gateway to Hell.
 20116 | Lair:6   | Found a shattered altar of Ashenzari.
 20373 | Hell     | Entered the Vestibule of Hell
 20373 | Hell     | Noticed Geryon
 20762 | Swamp:1  | Entered Level 1 of the Swamp
 21570 | Swamp:2  | Reached skill level 19 in Shields
 21875 | Swamp:2  | Noticed a thorn hunter
 21904 | Swamp:2  | Killed a thorn hunter
 22810 | Swamp:3  | Noticed a thorn hunter
 22823 | Swamp:3  | Killed a thorn hunter
 22896 | Swamp:3  | Noticed Louise
 22927 | Swamp:3  | Killed Louise
 23108 | Swamp:3  | Reached XP level 16. HP: 111/141 MP: 15/21
 23116 | Swamp:3  | Reached skill level 20 in Shields
 23750 | Swamp:4  | Entered Level 4 of the Swamp
 23774 | Swamp:4  | Noticed a thorn hunter
 23804 | Swamp:3  | Killed a thorn hunter
 24048 | Swamp:4  | Slain by a six-headed hydra simulacrum

Skill      XL: |  1  2  3  4  5  6  7  8  9 10 11 12 13 14 15 16 |
---------------+-------------------------------------------------+-----
Armour         | 4 5 6 7 8 9 10 11 12 13 | 13.7
Long Blades    | 3 4 5 6 8 10 12 13 14 15 | 15.5
Shields        | 4 5 6 9 10 12 14 16 18 19 20 | 20.1
Fighting       | 4 5 6 7 8 9 10 11 12 | 12.9
Dodging        | 1 2 3 4 5 |  5.1
Stealth        | 1 2 3 |  3.7
Evocations     | 1 |  1.6
Invocations    | 4 7 9 |  9.0

Action                   |  1- 3 |  4- 6 |  7- 9 | 10-12 | 13-15 | 16-18 || total
-------------------------+-------+-------+-------+-------+-------+-------++-------
Melee: Long sword        |   100 |   192 |   278 |   239 |       |       ||   809
       Headbutt          |    19 |    37 |    72 |   227 |   653 |    37 ||  1045
       Falchion          |       |       |       |   648 |  2153 |    97 ||  2898
Invok: Elemental Force   |       |       |       |       |     1 |       ||     1
Evoke: Wand              |       |       |     4 |    11 |     6 |       ||    21
  Use: Potion            |       |     3 |       |       |     2 |     1 ||     6
       Scroll            |       |       |     3 |     2 |    23 |     1 ||    29
 Stab: Confused          |       |       |     1 |       |       |       ||     1
       Paralysed         |       |       |       |    17 |       |       ||    17
       Distracted        |       |       |       |       |     1 |       ||     1
  Eat: Chunk             |     1 |     8 |    10 |    17 |    38 |     3 ||    77
       Fruit             |       |     1 |       |       |     1 |       ||     2
Armor: Scale mail        |    43 |    69 |    41 |       |       |       ||   153
       Chain mail        |       |       |    39 |   179 |       |       ||   218
       Plate armour      |       |       |       |   123 |   551 |    86 ||   760
Dodge: Dodged            |    31 |    60 |    64 |   150 |   259 |    46 ||   610
       Deflected         |       |       |       |     5 |    12 |     2 ||    19
Block: Shield            |    57 |   107 |   139 |   612 |    32 |       ||   947
       Reflection        |       |       |     4 |    34 |    94 |     2 ||   134
       Large shield      |       |       |       |       |  2172 |   196 ||  2368
       Rpst.: Long sword |     8 |    10 |    20 |    11 |       |       ||    49
       Falchion          |       |       |       |    25 |    42 |     2 ||    69
